 Dungeon Crawl Stone Soup version 0.29.1-1-gd02db6906a (webtiles) character file.

Game seed: 17562415363644588763

5814 Earthwalker the Carver (level 10, -1/88 HPs)
             Began as a Minotaur Fighter on Oct 5, 2022.
             Slain by an unseen horror (shapeshifter) (9 damage)
             ... on level 7 of the Dungeon.
             The game lasted 00:45:39 (9436 turns).

Earthwalker the Carver (Minotaur Fighter)           Turns: 9436, Time: 00:45:39

Health: -1/88      AC: 18    Str: 21    XL:     10   Next: 51%
Magic:  9/9        EV:  8    Int:  5    God:
Gold:   56         SH: 14    Dex: 14    Spells: 9/9 levels left

rFire   . . .      SeeInvis .   a - +2 long sword (chaos)
rCold   . . .      Faith    .   i - +3 kite shield
rNeg    . . .      Spirit   .   A - +0 chain mail
rPois   .          Reflect  .   (helmet restricted)
rElec   .          Harm     .   F - +2 cloak
rCorr   .          Rampage  .   (no gloves)
Will    .....                   (no boots)
Stlth   ..........              (no amulet)
HPRegen 0.24/turn               g - +4 ring of protection
MPRegen 0.11/turn               (no ring)

@: no status effects
A: horns 2, retaliatory headbutt
a: no special abilities


You were on level 7 of the Dungeon.
You visited 2 branches of the dungeon, and saw 8 of its levels.
You also visited: Ossuary.

You collected 471 gold pieces.
You spent 415 gold pieces at shops.

Inventory:

Hand Weapons
 a - a +2 long sword of chaos (weapon)
 E - a +1 long sword
Missiles
 f - 7 curare-tipped darts (quivered)
Armour
 i - a +3 kite shield (worn)
 A - a +0 chain mail (worn)
 F - a +2 cloak (worn)
Magical Staves
 D - a staff of earth
Jewellery
 g - a +4 ring of protection (left hand)
Wands
 x - a wand of mindburst (18)
 B - a wand of roots (7)
Scrolls
 c - 2 scrolls of poison
 k - 2 scrolls of magic mapping
 p - 2 scrolls of noise
 q - a scroll of blinking
 s - 3 scrolls of immolation
 v - 3 scrolls of fear
 y - a scroll of torment
 G - 2 scrolls of identify
 H - a scroll of amnesia
Potions
 b - 2 potions of flight
 d - 5 potions of might
 e - 8 potions of curing
 h - 2 potions of attraction
 j - 2 potions of invisibility
 l - a potion of berserk rage
 m - 9 potions of degeneration
 n - a potion of heal wounds {unknown}
 o - 2 potions of mutation
 r - 2 potions of haste {unknown}
 t - a potion of brilliance {unknown}
 u - a potion of cancellation {unknown}
 w - 2 potions of resistance {unknown}
 C - a potion of lignification {unknown}


   Skills:
 + Level 7.9 Fighting
 + Level 11.5 Long Blades
 + Level 9.2 Armour
 + Level 4.4 Dodging
 + Level 1.0 Stealth
 + Level 9.8 Shields


You had 9 spell levels left.
You didn't know any spells.
Your spell library was empty.

Dungeon Overview and Level Annotations

Branches:
Dungeon (7/15)             Temple (1/1) D:7         Ossuary (visited)

Altars:
Cheibriados
Dithmenos
Elyvilon
Fedhas
Hepliaklqana
Kikubaaqudgha
Makhleb
Nemelex Xobeh
Okawaru
Qazlal
Ru
Sif Muna
Trog
Uskayaw
Wu Jian
Xom
Yredelemnul

Shops:
D:1 (   D:2 !!(   D:6 [   D:7 *

Annotations:
D:7 Joseph


Innate Abilities, Weirdness & Mutations

You have a pair of horns on your head.
You reflexively headbutt those who attack you in melee.


Message History

You block the hound's attack. You block the wind drake's attack.
You slash the wind drake! You freeze the wind drake.
The wind drake is moderately wounded.
You block the hound's attack. The hound bites you but does no damage.
The wind drake bites you.
You barely miss the wind drake.
The wind drake is moderately wounded.
The wind drake changes into a black mamba!
The hound barely misses you.
You hit the black mamba.
The black mamba resists with some effort.
Your headbutt misses the black mamba.
The black mamba is lightly wounded.
The black mamba changes into something you cannot see!
You block the hound's attack. x2
Deactivating autopickup; reactivate with Ctrl-A.
You miss something. Something hits you but does no damage. Something hits you!
* * * LOW HITPOINT WARNING * * *
You block the hound's attack.
You miss something. Something hits you.
* * * LOW HITPOINT WARNING * * *
You block the hound's attack. The hound bites you but does no damage.
Something hits you but does no damage. You block something's attack.
The hound bites you but does no damage.
You hit the hound but do no damage. Your headbutt misses the hound.
Something hits you.
* * * LOW HITPOINT WARNING * * *
You block the hound's attack.
You hit the hound. You headbutt the hound!
The hound is severely wounded.
Something hits you but does no damage.
The hound bites you but does no damage. x2
You slash the hound! You freeze the hound.
You kill the hound!
You block something's attack. Something hits you.
* * * LOW HITPOINT WARNING * * *
Something hits you.
* * * LOW HITPOINT WARNING * * *
Something hits you!
You die...

≈..## #....# #######..## ###.#
##....# ##..### ....## #....##
##.).# .....# #....# ###.##
..>..# #....# #..##
#....###<...# ####### ##..#
##....##...#######.....#####.#
##...###....#...#.....#...#.#
#...# #..#...8@...>....8...#
#...# #..###...#.....#...###
#...###h.#######.....#####
##....#.h..# #######
##..........# ............#
.).>........# ............#
............#


There were no monsters in sight!

Vanquished Creatures
  A two-headed ogre (D:6)
  Pikel (D:7)
  A wyvern (D:7)
  5 yaks (D:4)
  Menkaure (D:6)
  3 water moccasins
  A sky beast (D:6)
  3 orc warriors (D:7)
  6 ogres
  2 centaurs
  3 lemures (D:7)
  3 kobold brigands (D:7)
  A gnoll sergeant (D:7)
  A necrophage (D:6)
  2 scorpions (D:5)
  2 bullfrogs (D:7)
  8 wights
  5 howler monkeys (D:7)
  A human zombie (Ossuary)
  8 hounds
  A centaur zombie (Ossuary)
  7 orc priests
  2 jellies
  2 gnoll boudas (D:7)
  9 orc wizards
  5 mummies (Ossuary)
  17 gnolls
  6 adders
  5 worms
  5 dart slugs
  28 orcs
  6 bats
  7 endoplasms
  6 hobgoblins
  3 jackals (D:2)
  19 kobolds
  4 quokkas
  6 ball pythons
  9 frilled lizards
  7 goblins
  A goblin zombie (Ossuary)
  A hobgoblin zombie (Ossuary)
  2 kobold zombies (Ossuary)
  2 orc zombies (Ossuary)
  5 rats
223 creatures vanquished.

Vanquished Creatures (others)
  A plant (D:7)
1 creature vanquished.

Grand Total: 224 creatures vanquished

Notes
Turn   | Place    | Note
-------+----------+-------------------------------------------
     0 | D:1      | Earthwalker the Minotaur Fighter began the quest for the
                  | Orb.
     0 | D:1      | Reached XP level 1. HP: 19/19 MP: 0/0
   331 | D:1      | Reached XP level 2. HP: 26/27 MP: 1/1
   711 | D:1      | Reached XP level 3. HP: 30/33 MP: 2/2
   792 | D:1      | Found Ebliull's Antique Weapon Shop.
  1453 | D:2      | Reached skill level 3 in Long Blades
  1480 | D:2      | Found Rempior's Distillery.
  1483 | D:2      | Bought a potion of flight for 42 gold pieces
  1757 | D:2      | You fall into a shaft and drop 2 floors!
  1852 | D:4      | Found a sand-covered staircase.
  1856 | Ossuary  | Entered an ossuary
  1897 | Ossuary  | Reached XP level 4. HP: 39/40 MP: 3/3
  1999 | Ossuary  | Reached skill level 4 in Long Blades
  2009 | Ossuary  | Reached XP level 5. HP: 33/47 MP: 4/4
  2452 | D:4      | Reached skill level 5 in Long Blades
  2506 | D:4      | Found a stormy altar of Qazlal.
  2710 | D:4      | Reached skill level 1 in Dodging
  2761 | D:4      | Reached XP level 6. HP: 50/53 MP: 5/5
  2831 | D:4      | Noticed a yak
  2843 | D:4      | Killed a yak
  2844 | D:4      | Reached skill level 6 in Long Blades
  2844 | D:4      | Noticed a yak
  2844 | D:4      | Noticed a yak
  2845 | D:4      | Noticed a yak
  2865 | D:4      | Killed a yak
  2865 | D:4      | Noticed a yak
  2866 | D:4      | Reached skill level 5 in Fighting
  2866 | D:4      | Reached skill level 5 in Shields
  2866 | D:4      | Reached XP level 7. HP: 48/61 MP: 6/6
  2879 | D:4      | Killed a yak
  2880 | D:4      | Reached skill level 7 in Long Blades
  2880 | D:4      | Reached skill level 5 in Armour
  2888 | D:4      | HP: 2/61 [yak (8)]
  3638 | D:2      | Found Doofuul's Distillery.
  3647 | D:2      | Bought a potion of curing for 42 gold pieces
  3647 | D:2      | Bought a potion of curing for 42 gold pieces
  3647 | D:2      | Bought a potion of curing for 42 gold pieces
  3883 | D:2      | Found Xoug's Antique Weapon Shoppe.
  5208 | D:4      | Killed a yak
  5209 | D:4      | Reached XP level 8. HP: 42/70 MP: 7/7
  5220 | D:4      | Reached skill level 8 in Long Blades
  5537 | D:5      | Entered Level 5 of the Dungeon
  5834 | D:5      | Identified the +9 whip "Ceklin" {venom, Drain Will+ SInv}
  5974 | D:5      | Reached skill level 9 in Long Blades
  6484 | D:5      | Found a sacrificial altar of Ru.
  6645 | D:6      | Reached XP level 9. HP: 78/78 MP: 8/8
  6712 | D:6      | Found Odghoy's Antique Armour Shoppe.
  6727 | D:6      | Bought a glowing cloak for 187 gold pieces
  7054 | D:6      | Found a sparkling altar of Nemelex Xobeh.
  7249 | D:6      | Found an ornate altar of the Wu Jian Council.
  7559 | D:7      | Noticed Menkaure
  7595 | D:6      | Killed Menkaure
  7900 | D:7      | Reached skill level 10 in Long Blades
  8494 | D:7      | Found a shimmering altar of Xom.
  8522 | D:7      | Found a staircase to the Ecumenical Temple.
  8532 | Temple   | Entered the Ecumenical Temple
  8652 | D:7      | Noticed Pikel
  8666 | D:7      | Killed Pikel
  8667 | D:7      | Reached XP level 10. HP: 83/86 MP: 9/9
  8670 | D:7      | Found Wazug's Hallowed Reliquary.
  8671 | D:7      | Noticed an angel
  8677 | D:7      | Bought a potion of curing for 30 gold pieces
  8677 | D:7      | Bought a potion of curing for 30 gold pieces
  8847 | D:7      | Reached skill level 1 in Stealth
  8987 | D:7      | Noticed a two-headed ogre
  9030 | D:6      | Killed a two-headed ogre
  9031 | D:6      | Reached skill level 11 in Long Blades
  9357 | D:7      | Identified the +12 flail "Poipefyu" {vorpal, rCorr}
  9371 | D:7      | Noticed Joseph
  9426 | D:7      | Noticed a black mamba
  9426 | D:7      | a wind drake changed into a black mamba
  9427 | D:7      | a black mamba changed into something unseen
  9436 | D:7      | Slain by an unseen horror (shapeshifter)

Illustrated notes

Levels and vault maps discovered:
D:1:      kilobyte_arrival_exit_the_forest, layout_loops_cross, serial_shops,
          shop_statue, minmay_misc_feat_chi, minmay_bisected
D:2:      layout_loops_ring, serial_shops, nicolae_shop_window_shopping, shop,
          nicolae_shop_behind_doors, minmay_pentomino_s4
D:3:      layout_basic
D:4:      layout_loops_ring, nicolae_qazlal_general_emergency, enter_ossuary_5
D:5:      layout_rooms, nicolae_ru_awakened_eye
D:6:      layout_loops_cross, nemelex_dance_club_becter,
          mainiacjoe_overflow_cross_hatched, serial_shops, shop
D:7:      lemuel_castle_with_subvaults [lemuel_castle_interior_carwin_2],
          layout_layer_cave, mainiacjoe_overflow_paths,
          minmay_temple_entry_antechambers, nicolae_good_shop, uniq_pikel,
          uniq_joseph, uniq_menkaure
Temple:   nicolae_temple_x_marks_the_god

Skill      XL: |  1  2  3  4  5  6  7  8  9 10 |
---------------+-------------------------------+-----
Shields        | 4 5 7 8 9 |  9.8
Fighting       | 4 5 6 7 |  7.9
Armour         | 4 5 7 8 9 |  9.2
Long Blades    | 3 4 5 6 7 9 10 11 | 11.5
Dodging        | 1 2 3 4 |  4.4
Stealth        | 1 |  1.0

Action                   |  1- 3 |  4- 6 |  7- 9 | 10-12 || total
-------------------------+-------+-------+-------+-------++-------
Melee: Long sword        |   139 |   106 |   412 |   126 ||   783
       Headbutt          |    18 |    23 |    88 |    25 ||   154
  Use: Scroll            |     7 |     4 |     9 |     2 ||    22
       Potion            |     1 |       |     1 |       ||     2
 Stab: Paralysed         |       |       |       |     2 ||     2
Armor: Scale mail        |    74 |    36 |    85 |       ||   195
       Chain mail        |       |       |    61 |    54 ||   115
Dodge: Dodged            |    56 |    30 |   115 |    27 ||   228
Block: Buckler           |     6 |       |       |       ||     6
       Kite shield       |    58 |    38 |   258 |    81 ||   435
